EVO
WASHINGTON STATE UNIVERSITY COUGARS @ OKLAHOMA STATE UNIVERSITY COWBOYS
11/28/2049
 
TOP OF THE 1ST
Ohio State University Buckeyes batting - Pitching for Pennsylvania State University Nittany Lions : RHP Carmem Bonnet
Pitching: RHP Carmem Bonnet
Batting: RHB Hikaru Nakata 0-0: Ground out 4-3 (Groundball, 4S, EV 82.5 MPH)
Batting: RHB Aaron Burnet 0-0: Ball
1-0: Ball
2-0: Ground out U3 (Groundball, 3, EV 105.0 MPH)
Batting: LHB Ben Roth 0-0: Ball
1-0: Swinging Strike
1-1: Ball
2-1: Ball
3-1: Called Strike
3-2: Foul Ball, location: 2F
3-2: Strikes out swinging
Top of the 1st over - 0 runs, 0 hits, 0 errors, 0 left on base; Ohio State University 0 - Pennsylvania State University 0
BOTTOM OF THE 1ST
Pennsylvania State University Nittany Lions batting - Pitching for Ohio State University Buckeyes : RHP Toyohiro Nakagawa
Pitching: RHP Toyohiro Nakagawa
Batting: RHB John Hopkins 0-0: Ball
1-0: Ball
2-0: Called Strike
2-1: Bunt for hit to 3S - play at first, batter OUT! 3-4
Batting: RHB Mike Smith 0-0: Called Strike
0-1: Ball
1-1: Foul Ball, location: 2F
1-2: Ball
2-2: Ball
3-2: Fly out, F7 (Flyball, 7, EV 96.9 MPH)
Batting: SHB Oscar Barahona 0-0: Called Strike
0-1: SOLO HOME RUN (Flyball, 9D, EV 99.4 MPH), Distance : 379 ft
Batting: SHB Glenn Harrison 0-0: Called Strike
0-1: Foul Ball, location: 2F
0-2: Strikes out swinging
Bottom of the 1st over - 1 run, 1 hit, 0 errors, 0 left on base; Ohio State University 0 - Pennsylvania State University 1
TOP OF THE 2ND
Ohio State University Buckeyes batting - Pitching for Pennsylvania State University Nittany Lions : RHP Carmem Bonnet
Batting: RHB Hugo Chavez 0-0: Foul Ball, location: 2F
0-1: Ball
1-1: Ball
2-1: DOUBLE (Line Drive, 78D, EV 107.5 MPH)
Batting: RHB Tony Vasquez 0-0: Ground out 5-3 (Groundball, 56S, EV 67.5 MPH)
Hugo Chavez to third
Batting: RHB John Britton 0-0: Called Strike
0-1: Ball
1-1: Fly out, F6 (Popup, 6MD, EV 45.6 MPH)
Batting: RHB Jeff Standridge 0-0: Ball
1-0: Ball
2-0: Foul Ball, location: 2F
2-1: Ball
3-1: Base on Balls
Batting: RHB Dave Villarreal 0-0: Called Strike
0-1: Swinging Strike
0-2: Foul Ball, location: 2F
0-2: Foul Ball, location: 2F
0-2: Fielders Choice at 2nd, 6-4 (Groundball, 6, EV 101.2 MPH)
Top of the 2nd over - 0 runs, 1 hit, 0 errors, 2 left on base; Ohio State University 0 - Pennsylvania State University 1
BOTTOM OF THE 2ND
Pennsylvania State University Nittany Lions batting - Pitching for Ohio State University Buckeyes : RHP Toyohiro Nakagawa
Batting: RHB Fernando Membreno 0-0: Ball
1-0: Ball
2-0: Ground out 5-3 (Groundball, 56, EV 98.8 MPH)
Batting: RHB Craig Alvarado 0-0: Hit by Pitch
Batting: RHB Isaiah Heath 0-0: Ball
1-0: Ball
Craig Alvarado steals 2nd base
2-0: Called Strike
2-1: Ball
3-1: Called Strike
3-2: Foul Ball, location: 2F
3-2: Base on Balls
Batting: LHB Josh Lane 0-0: Ball
1-0: Ball
2-0: Foul Ball, location: 2F
2-1: Called Strike
2-2: Foul Ball, location: 2F
2-2: Foul Ball, location: 2F
2-2: Ball
3-2: Base on Balls
Craig Alvarado to third
Isaiah Heath to second
Batting: RHB Klaus Brown 0-0: Ball
1-0: Called Strike
1-1: Grounds into double play, 6-4-3 (Groundball, 6, EV 85.0 MPH)
Bottom of the 2nd over - 0 runs, 0 hits, 0 errors, 2 left on base; Ohio State University 0 - Pennsylvania State University 1
TOP OF THE 3RD
Ohio State University Buckeyes batting - Pitching for Pennsylvania State University Nittany Lions : RHP Carmem Bonnet
Batting: LHB Edwin Vasquez 0-0: Ground out 4-3 (Groundball, 4M, EV 83.8 MPH)
Batting: RHB Hikaru Nakata 0-0: Foul Ball, location: 2F
0-1: Foul Ball, location: 2F
0-2: Foul Ball, location: 2F
0-2: Strikes out swinging
Batting: RHB Aaron Burnet 0-0: Ball
1-0: Ground out 5-3 (Groundball, 56S, EV 90.0 MPH)
Top of the 3rd over - 0 runs, 0 hits, 0 errors, 0 left on base; Ohio State University 0 - Pennsylvania State University 1
BOTTOM OF THE 3RD
Pennsylvania State University Nittany Lions batting - Pitching for Ohio State University Buckeyes : RHP Toyohiro Nakagawa
Batting: RHB John Hopkins 0-0: Bunt for hit to 15 - play at first, batter OUT! 1-3
Batting: RHB Mike Smith 0-0: Ball
1-0: Foul Ball, location: 2F
1-1: Ball
2-1: Ball
3-1: Called Strike
3-2: Foul Ball, location: 2F
3-2: Base on Balls
Batting: SHB Oscar Barahona 0-0: Called Strike
0-1: Grounds into double play, 5-4-3 (Groundball, 56S, EV 93.1 MPH)
Bottom of the 3rd over - 0 runs, 0 hits, 0 errors, 0 left on base; Ohio State University 0 - Pennsylvania State University 1
TOP OF THE 4TH
Ohio State University Buckeyes batting - Pitching for Pennsylvania State University Nittany Lions : RHP Carmem Bonnet
Batting: LHB Ben Roth 0-0: Ball
1-0: Ball
2-0: Called Strike
2-1: Foul Ball, location: 2F
2-2: Ball
3-2: Foul Ball, location: 2F
3-2: DOUBLE (Flyball, 8LXD, EV 106.2 MPH)
Batting: RHB Hugo Chavez 0-0: Ball
1-0: Ball
2-0: Called Strike
2-1: Called Strike
2-2: SINGLE (Line Drive, 34, EV 105.0 MPH)
Ben Roth to third
Batting: RHB Tony Vasquez 0-0: Ground out 5-3 (Groundball, 56S, EV 62.5 MPH)
Ben Roth scores
Hugo Chavez to second
Batting: RHB John Britton 0-0: Ball
1-0: Called Strike
1-1: Ball
2-1: Swinging Strike
2-2: Strikes out swinging
Batting: RHB Jeff Standridge 0-0: Fly out, F9 (Flyball, 9, EV 80.0 MPH)
Top of the 4th over - 1 run, 2 hits, 0 errors, 1 left on base; Ohio State University 1 - Pennsylvania State University 1
BOTTOM OF THE 4TH
Pennsylvania State University Nittany Lions batting - Pitching for Ohio State University Buckeyes : RHP Toyohiro Nakagawa
Batting: SHB Glenn Harrison 0-0: Ball
1-0: Ball
2-0: Fly out, F6 (Popup, 6MD, EV 56.9 MPH)
Batting: RHB Fernando Membreno 0-0: Ball
1-0: SINGLE (Groundball, 34D, EV 95.6 MPH)
Batting: RHB Craig Alvarado 0-0: Ball
1-0: Ball
2-0: SINGLE (Groundball, 25, EV 58.1 MPH) (infield hit)
Fernando Membreno to second
Batting: RHB Isaiah Heath 0-0: Ball
1-0: Ball
2-0: Called Strike
2-1: Called Strike
2-2: Ball
3-2: Base on Balls
Fernando Membreno to third
Craig Alvarado to second
Batting: LHB Josh Lane 0-0: Swinging Strike
0-1: Ball
1-1: Fly out, F9 (Flyball, 9, EV 78.1 MPH)
Throwing error, E9
Fernando Membreno scores
Craig Alvarado to third
Isaiah Heath to second
Batting: RHB Klaus Brown 0-0: Ball
1-0: Foul Ball, location: 2F
1-1: Called Strike
1-2: Ball
2-2: Foul Ball, location: 2F
2-2: Strikes out swinging
Bottom of the 4th over - 1 run, 2 hits, 1 error, 2 left on base; Ohio State University 1 - Pennsylvania State University 2
TOP OF THE 5TH
Ohio State University Buckeyes batting - Pitching for Pennsylvania State University Nittany Lions : RHP Carmem Bonnet
Batting: RHB Dave Villarreal 0-0: Swinging Strike
0-1: Foul Ball, location: 2F
0-2: Ball
1-2: Strikes out looking
Batting: LHB Edwin Vasquez 0-0: Ball
1-0: Called Strike
1-1: Called Strike
1-2: Strikes out swinging
Batting: RHB Hikaru Nakata 0-0: Fly out, F8 (Flyball, 89XD, EV 97.5 MPH)
Top of the 5th over - 0 runs, 0 hits, 0 errors, 0 left on base; Ohio State University 1 - Pennsylvania State University 2
BOTTOM OF THE 5TH
Pennsylvania State University Nittany Lions batting - Pitching for Ohio State University Buckeyes : RHP Toyohiro Nakagawa
Batting: RHB John Hopkins 0-0: Ground out 4-3 (Groundball, 4, EV 83.8 MPH)
Batting: RHB Mike Smith 0-0: Called Strike
0-1: Foul Ball, location: 2F
0-2: Strikes out looking
Batting: SHB Oscar Barahona 0-0: Swinging Strike
0-1: Ball
1-1: Fly out, F8 (Flyball, 78D, EV 97.5 MPH)
Bottom of the 5th over - 0 runs, 0 hits, 0 errors, 0 left on base; Ohio State University 1 - Pennsylvania State University 2
TOP OF THE 6TH
Ohio State University Buckeyes batting - Pitching for Pennsylvania State University Nittany Lions : RHP Carmem Bonnet
Batting: RHB Aaron Burnet 0-0: Swinging Strike
0-1: Ground out 4-3 (Groundball, 4, EV 76.2 MPH)
Batting: LHB Ben Roth 0-0: Called Strike
0-1: Foul Ball, location: 2F
0-2: Fly out, F2 (Popup, 2LF, EV 96.2 MPH)
Batting: RHB Hugo Chavez 0-0: Swinging Strike
0-1: Swinging Strike
0-2: Ball
1-2: Ball
2-2: Ball
3-2: Strikes out looking
Top of the 6th over - 0 runs, 0 hits, 0 errors, 0 left on base; Ohio State University 1 - Pennsylvania State University 2
BOTTOM OF THE 6TH
Pennsylvania State University Nittany Lions batting - Pitching for Ohio State University Buckeyes : RHP Toyohiro Nakagawa
Batting: SHB Glenn Harrison 0-0: Ball
1-0: SINGLE (Groundball, 34D, EV 97.5 MPH)
Batting: RHB Fernando Membreno 0-0: Called Strike
0-1: Ball
1-1: Called Strike
1-2: Foul Ball, location: 2F
1-2: SINGLE (Line Drive, 8RS, EV 97.5 MPH)
Glenn Harrison to second
Runner from 2nd tries for 3rd, SAFE, throw by CF made to third
Batting: RHB Craig Alvarado 0-0: Ball
1-0: Called Strike
1-1: Called Strike
1-2: Ball
2-2: Ball
3-2: Strikes out swinging
Batting: RHB Isaiah Heath 0-0: Grounds into double play, 4-6-3 (Groundball, 34, EV 98.8 MPH)
Bottom of the 6th over - 0 runs, 2 hits, 0 errors, 1 left on base; Ohio State University 1 - Pennsylvania State University 2
TOP OF THE 7TH
Ohio State University Buckeyes batting - Pitching for Pennsylvania State University Nittany Lions : RHP Carmem Bonnet
Batting: LHB Ricardo Torres 0-0: Called Strike
0-1: Swinging Strike
0-2: Ball
1-2: Foul Ball, location: 2F
1-2: Foul Ball, location: 2F
1-2: Ball
2-2: Strikes out swinging
Pinch Hitting: RHB Mike Vaughan 0-0: Called Strike
0-1: Swinging Strike
0-2: Foul Ball, location: 2F
0-2: Ball
1-2: Ball
2-2: Strikes out swinging
Batting: RHB Jeff Standridge 0-0: Ball
1-0: Ball
2-0: Ball
3-0: Called Strike
3-1: Called Strike
3-2: Strikes out swinging
Top of the 7th over - 0 runs, 0 hits, 0 errors, 0 left on base; Ohio State University 1 - Pennsylvania State University 2
BOTTOM OF THE 7TH
Pennsylvania State University Nittany Lions batting - Pitching for Ohio State University Buckeyes : RHP Toyohiro Nakagawa
Now at SS: Mike Vaughan
Batting: LHB Josh Lane 0-0: Foul Ball, location: 2F
0-1: Swinging Strike
0-2: Ball
1-2: Ball
2-2: Foul Ball, location: 2F
2-2: Ball
3-2: Base on Balls
Batting: RHB Klaus Brown 0-0: Ball
1-0: Swinging Strike
1-1: Called Strike
1-2: Foul Ball, location: 2F
1-2: Ball
2-2: Ball
3-2: Foul Ball, location: 2F
3-2: Foul Ball, location: 2F
3-2: Foul Ball, location: 2F
3-2: Strikes out swinging
Batting: RHB John Hopkins 0-0: Fly out, F4 (Line Drive, 4M, EV 72.5 MPH)
Batting: RHB Mike Smith 0-0: Ball
1-0: Foul Ball, location: 2F
1-1: Ball
2-1: SINGLE (Groundball, 5, EV 95.0 MPH)
Josh Lane to second
Pitching: LHP Ernesto Galindo
Batting: SHB Oscar Barahona 0-0: Called Strike
0-1: Foul Ball, location: 2F
0-2: Ball
1-2: Foul Ball, location: 2F
1-2: SINGLE (Line Drive, 6D, EV 96.2 MPH)
Josh Lane to third
Mike Smith to second
Runner from 3rd tries for Home, SAFE, throw by CF to home
Batting: SHB Glenn Harrison 0-0: Ball
1-0: Ball
2-0: Ball
3-0: Called Strike
3-1: Base on Balls
Mike Smith to third
Oscar Barahona to second
Batting: RHB Fernando Membreno 0-0: Foul Ball, location: 2F
0-1: Fly out, F9 (Flyball, 9, EV 90.6 MPH)
Bottom of the 7th over - 1 run, 2 hits, 0 errors, 3 left on base; Ohio State University 1 - Pennsylvania State University 3
TOP OF THE 8TH
Ohio State University Buckeyes batting - Pitching for Pennsylvania State University Nittany Lions : RHP Carmem Bonnet
Pitching: RHP Colin Walker
Batting: RHB Dave Villarreal 0-0: Ball
1-0: Swinging Strike
1-1: Ball
2-1: Swinging Strike
2-2: Strikes out looking
Batting: LHB Edwin Vasquez 0-0: Swinging Strike
0-1: Ball
1-1: Swinging Strike
1-2: Strikes out swinging
Pinch Hitting: SHB Ken Griffey IV 0-0: Ball
1-0: Ball
2-0: Foul Ball, location: 2F
2-1: Foul Ball, location: 2F
2-2: Foul Ball, location: 2F
2-2: Foul Ball, location: 2F
2-2: SINGLE (Line Drive, 9LS, EV 91.2 MPH)
Batting: RHB Aaron Burnet 0-0: Foul Ball, location: 2F
0-1: Foul Ball, location: 2F
0-2: Foul Ball, location: 2F
0-2: Foul Ball, location: 2F
0-2: Ball
1-2: Ball
2-2: Foul Ball, location: 2F
2-2: Fielders Choice at 2nd, 5-4 (Groundball, 56, EV 87.5 MPH)
Top of the 8th over - 0 runs, 1 hit, 0 errors, 1 left on base; Ohio State University 1 - Pennsylvania State University 3
BOTTOM OF THE 8TH
Pennsylvania State University Nittany Lions batting - Pitching for Ohio State University Buckeyes : LHP Ernesto Galindo
Pitching: LHP Neil McKibben
Now in CF: Ken Griffey IV
Batting: RHB Craig Alvarado 0-0: Called Strike
0-1: Swinging Strike
0-2: Foul Ball, location: 2F
0-2: Ball
1-2: Foul Ball, location: 2F
1-2: Ground out 6-3 (Groundball, 6, EV 84.4 MPH)
Batting: RHB Isaiah Heath 0-0: Called Strike
0-1: Swinging Strike
0-2: Ball
1-2: Ball
2-2: Ball
3-2: Ground out 6-3 (Groundball, 6, EV 94.4 MPH)
Batting: LHB Josh Lane 0-0: Fly out, F5 (Popup, 56S, EV 88.1 MPH)
Bottom of the 8th over - 0 runs, 0 hits, 0 errors, 0 left on base; Ohio State University 1 - Pennsylvania State University 3
TOP OF THE 9TH
Ohio State University Buckeyes batting - Pitching for Pennsylvania State University Nittany Lions : RHP Colin Walker
Pitching: RHP Jerry Romero
Batting: LHB Ben Roth 0-0: Ball
1-0: Called Strike
1-1: Swinging Strike
1-2: Strikes out looking
Batting: RHB Hugo Chavez 0-0: Called Strike
0-1: Foul Ball, location: 2F
0-2: Strikes out swinging
Batting: LHB Ricardo Torres 0-0: Called Strike
0-1: SINGLE (Line Drive, 9S, EV 109.4 MPH)
Pinch Hitting: RHB Michihisa Tanaka 0-0: Swinging Strike
0-1: Ball
1-1: Called Strike
1-2: Strikes out swinging
Top of the 9th over - 0 runs, 1 hit, 0 errors, 1 left on base; Ohio State University 1 - Pennsylvania State University 3
Sunday, July 16th , 2023 - OOTP Baseball 24.6 Build 69